 Dungeon Crawl Stone Soup version 0.28-a0-1182-g381e24db82 (webtiles) character file.

Game seed: 15422155498064706289

82 chunkyMonkey the Covered (level 4, -3/38 HPs)
             Began as a Demigod Fighter on Dec 16, 2021.
             Slain by Ijyb (10 damage)
             ... on level 3 of the Dungeon.
             The game lasted 00:03:35 (2767 turns).

chunkyMonkey the Covered (Demigod Fighter)          Turns: 2767, Time: 00:03:35

Health: -3/38      AC:  8    Str: 21    XL:     4   Next: 1%
Magic:  7/7        EV:  9    Int: 10    God:
Gold:   31         SH:  0    Dex: 13    Spells: 4/4 levels left

rFire   . . .      SeeInvis .   a - +0 war axe
rCold   . . .      Faith    .   c - +0 buckler
rNeg    . . .      Spirit   .   b - +0 scale mail
rPois   .          Reflect  .   (no helmet)
rElec   .          Harm     .   (no cloak)
rCorr   .          Rampage  .   e - +0 pair of gloves
Will    .....                   (no boots)
Stlth   ..........              (no amulet)
HPRegen 0.12/turn               (no ring)
MPRegen 0.10/turn               (no ring)

@: confused, mighty
A: high mp 1, forlorn, divine attributes
a: no special abilities


You were on level 3 of the Dungeon.
You visited 1 branch of the dungeon, and saw 3 of its levels.

You collected 31 gold pieces.

Inventory:

Hand Weapons
 a - a +0 war axe (weapon)
 j - a +2 dagger of venom
Armour
 b - a +0 scale mail (worn)
 c - a +0 buckler (worn)
 e - a +0 pair of gloves (worn)
Scrolls
 i - a scroll of identify {unknown}
 k - a scroll of magic mapping {unknown}
 n - 2 scrolls of teleportation {unknown}
Potions
 f - a potion of berserk rage {unknown}
 g - a potion of invisibility {unknown}
 h - 2 potions of lignification {unknown}
 l - a potion of brilliance {unknown}
 m - a potion of heal wounds {unknown}


   Skills:
 * Level 3.1 Fighting
 * Level 2.2 Axes
 * Level 3.2 Armour
 + Level 0.8 Dodging
 * Level 3.1 Shields
 + Level 0.8 Spellcasting


You had 4 spell levels left.
You didn't know any spells.
Your spell library was empty.

Dungeon Overview and Level Annotations

Branches:
Dungeon (3/15)

Annotations:
D:3 Ijyb


Innate Abilities, Weirdness & Mutations

You have an increased reservoir of magic. (+10% MP)
You shall have no god before yourself.
Your divine heritage dramatically boosts your attributes as you level up.


Message History

Ijyb closely misses you. Ijyb hits you with a +8 club.
Ijyb zaps a wand.
Your will is overpowered!
You are more confused.
Ijyb hits you with a +8 club!
You hit Ijyb.
Ijyb is heavily wounded.
Ijyb zaps a wand.
Your will is overpowered!
You are more confused.
Ijyb barely misses you.
You hit Ijyb.
Ijyb is severely wounded.
Ijyb closely misses you. x2
Ijyb zaps a wand.
Your will is overpowered!
You are more confused.
You hit Ijyb.
Ijyb is almost dead.
Ijyb hits you but does no damage. Ijyb closely misses you.
Ijyb hits you with a +8 club.
You miss Ijyb.
Ijyb is almost dead.
Ijyb zaps a wand.
You resist with some effort. Ijyb hits you with a +8 club.
Ijyb zaps a wand.
You resist with some effort.
You hit Ijyb but do no damage.
Ijyb is almost dead.
Ijyb hits you with a +8 club.
* * * LOW HITPOINT WARNING * * *
You barely miss Ijyb.
Ijyb is almost dead.
Ijyb completely misses you.
You barely miss Ijyb.
Ijyb is almost dead.
Ijyb closely misses you. Ijyb hits you with a +8 club.
* * * LOW HITPOINT WARNING * * *
Ijyb zaps a wand.
You resist with some effort.
The now-empty wand crumbles to dust.
You feel very mighty all of a sudden. Ijyb hits you with a +8 club!
You die...

#.....# #.....#
#.....# .....
#...# #.$.#
#...# #.@.#
######.g.#
..........+
....###...#####
##.......>....#
...##...###.#
#..........#.#
....#.#.##.#.#
#.# #.#......#


You could see Ijyb.

Vanquished Creatures
  4 adders (D:2)
  2 worms (D:2)
  A dart slug (D:1)
  5 endoplasms
  3 giant cockroaches
  A goblin (D:2)
  4 hobgoblins
  4 jackals (D:1)
  3 kobolds
  2 ball pythons
  4 bats (D:1)
  2 frilled lizards (D:2)
  2 rats
37 creatures vanquished.

Notes
Turn   | Place    | Note
-------+----------+-------------------------------------------
     0 | D:1      | chunkyMonkey the Demigod Fighter began the quest for the
                  | Orb.
     0 | D:1      | Reached XP level 1. HP: 18/18 MP: 3/3
   297 | D:1      | Reached XP level 2. HP: 25/25 MP: 4/4
  1653 | D:2      | Reached XP level 3. HP: 21/30 MP: 6/6
  2571 | D:2      | Reached XP level 4. HP: 38/38 MP: 7/7
  2741 | D:3      | Noticed Ijyb
  2767 | D:3      | Slain by Ijyb

Illustrated notes

Levels and vault maps discovered:
D:1:      heliophobic_arrival_henge, layout_basic
D:2:      layout_loops_ring, basic_altar, basic_ecumenical_altar
D:3:      layout_basic, makhleb_altar_promises_db, minmay_box_of_dots,
          uniq_ijyb, uniq_terence, uniq_grinder

Skill      XL: |  1  2  3 |
---------------+----------+-----
Axes           | 2 |  2.2
Armour         | 3 |  3.2
Shields        | 3 |  3.1
Fighting       | 3 |  3.1
Dodging        | |  0.8
Spellcasting   | |  0.8

Action                   |  1- 3 |  4- 6 || total
-------------------------+-------+-------++-------
Melee: War axe           |   117 |    12 ||   129
  Use: Potion            |       |     1 ||     1
Armor: Scale mail        |    79 |     1 ||    80
Dodge: Dodged            |    73 |     9 ||    82
Block: Buckler           |    32 |     1 ||    33

Table legend: (Time is in decaauts)
 A = Elapsed time spent in this place.
 B = Non-inter-level travel time spent in this place.
 C = Inter-level travel time spent in this place.
 D = Time resting spent in this place.
 E = Time spent auto-exploring this place.
 F = Levels seen in this place.
 G = Mean time per level.
                   A        B        C        D        E       F      G
               +--------+--------+--------+--------+--------+-----+--------+
         Total |   2820 |   2788 |     32 |    820 |   1567 |   3 |  940.0 |
       Dungeon |   2820 |   2788 |     32 |    820 |   1567 |   3 |  940.0 |
               +--------+--------+--------+--------+--------+-----+--------+

Top non-repeatable levels by time:
     D:2: 1600 daAuts
     D:1: 1167 daAuts
     D:3: 52 daAuts
